[Event "January 2 Late 2024"]
[Site "https://www.chess.com"]
[Date "2024.01.02"]
[Round "3"]
[White "Winkels, Marcel"]
[Black "Jahnz, Fabian"]
[Result "0-1"]
[Board "231"]
[TimeControl "180+1"]
[WhiteFideId "1003887"]
[BlackFideId "4653300"]
[WhiteElo "2013"]
[BlackElo "2338"]
[WhiteTeam "NED"]
[BlackTeam "GER"]
[WhiteClock "0:00:00"]
[BlackClock "0:00:09"]

1. e4 c6 2. d4 d5 3. exd5 cxd5 4. Bd3 Nf6 5. c3 Qc7 6. Nf3 Bg4 7. Nbd2 e6 8. h3 Bh5 9. O-O Bd6 10. Re1 O-O 11. Qc2 Bg6 12. Ne5 Bxd3 13. Qxd3 Nc6 14. Ndf3 a6 15. Nxc6 bxc6 16. Ne5 c5 17. Bg5 Ne4 18. Bh4 Bxe5 19. dxe5 c4 20. Qf3 Qxe5 21. Qg4 f5 22. Qe2 Qc7 23. f3 Nc5 24. Bf2 Rfe8 25. Bd4 Nd3 26. Red1 e5 27. Bf2 Rab8 28. b3 Nxf2 29. Qxf2 cxb3 30. Rxd5 b2 31. Rb1 Qxc3 32. Rd2 Qc1+ 33. Rd1 Qc4 34. Rxb2 Rxb2 35. Qxb2 h6 36. Rd7 Kh7 37. Qb7 Qc1+ 38. Kh2 Qf4+ 39. Kg1 Rg8 40. Qxa6 e4 41. fxe4 fxe4 42. Qe6 e3 43. Rf7 Qg5 44. Rf5 Qg3 45. Re5 Qf2+ 46. Kh2 Qf4+ 47. Kg1 Qf2+ 48. Kh2 Qxa2 49. Rxe3 Qa5 50. Qe4+ Kh8 51. Qg6 Qc7+ 52. Rg3 Qb8 53. Kh1 Qc7 54. Kh2 Qe7 55. Kg1 Rf8 56. Kh2 Qf7 57. Qxf7 Rxf7 58. Rg4 Kh7 59. Kg3 Rd7 60. Rf4 Rd3+ 61. Rf3 Rd6 62. Rf4 Rg6+ 63. Kf3 Ra6 64. Re4 g5 65. Re3 Kg6 66. Kg3 Ra2 67. Re6+ Kh5 0-1

[Event "January 2 Late 2024"]
[Site "https://www.chess.com"]
[Date "2024.01.02"]
[Round "3"]
[White "Poddubnyi, Viktor"]
[Black "Desideri, Ricardo Maruchi"]
[Result "1-0"]
[Board "232"]
[TimeControl "180+1"]
[WhiteFideId "4141989"]
[BlackFideId "2110440"]
[WhiteElo "2335"]
[BlackElo "1975"]
[WhiteTeam "RUS"]
[BlackTeam "BRA"]
[WhiteClock "0:00:41"]
[BlackClock "0:00:00"]

1. e4 c5 2. Nf3 d6 3. d4 cxd4 4. Nxd4 Nf6 5. Nc3 a6 6. Be3 e6 7. g4 b5 8. g5 Nfd7 9. a3 Bb7 10. f4 Nb6 11. h4 N8d7 12. Qf3 Be7 13. O-O-O Rc8 14. f5 Rxc3 15. fxe6 fxe6 16. Nxe6 Qa8 17. Nxg7+ Kd8 18. Ne6+ Kc8 19. bxc3 Bxe4 20. Qf7 Bxh1 21. Qxe7 Qe4 22. Bxb6 1-0

[Event "January 2 Late 2024"]
[Site "https://www.chess.com"]
[Date "2024.01.02"]
[Round "3"]
[White "Carrillo Marval, Maria Angelica"]
[Black "Travadon, Loic"]
[Result "0-1"]
[Board "233"]
[TimeControl "180+1"]
[WhiteFideId "3911853"]
[BlackFideId "26092131"]
[WhiteElo "1968"]
[BlackElo "2317"]
[WhiteTeam "PAN"]
[BlackTeam "FRA"]
[WhiteClock "0:00:19"]
[BlackClock "0:00:11"]

1. e4 e5 2. Nf3 Nc6 3. Bc4 Bc5 4. c3 Nf6 5. d3 d6 6. Nbd2 a6 7. O-O Ba7 8. h3 h6 9. Re1 g5 10. Nf1 g4 11. hxg4 Bxg4 12. Be3 Rg8 13. Bxa7 Rxa7 14. N1h2 Bh5 15. Qd2 Bxf3 16. Nxf3 Ng4 17. d4 Qf6 18. Be2 h5 19. Rad1 h4 20. dxe5 Ngxe5 21. Nxe5 Nxe5 22. f4 Qg7 23. Bb5+ axb5 24. fxe5 Qxe5 25. a3 h3 26. Re2 Ra4 27. Rde1 Qc5+ 28. Qe3 Qxe3+ 29. Rxe3 Rxg2+ 30. Kh1 Kd7 31. Rxh3 Rxb2 32. Rf3 Rxa3 33. Rxf7+ Kc6 34. Rc1 Re2 35. Rf4 Raa2 36. Rh4 Re3 37. c4 Rae2 38. cxb5+ Kb6 39. Rh7 Re1+ 40. Rxe1 Rxe1+ 41. Kg2 Rxe4 42. Kf3 Rb4 43. Rh5 Rxb5 44. Rh4 d5 45. Rh7 c6 46. Ke3 Rb4 47. Kd3 Kc5 48. Rg7 b5 49. Kc3 Rc4+ 50. Kb3 b4 51. Ra7 Rc3+ 52. Kb2 Kc4 53. Rh7 c5 54. Rh4+ d4 55. Rh5 b3 56. Rh8 Rc2+ 57. Kb1 Kc3 58. Rb8 Rf2 59. Rc8 Rf1# 0-1

[Event "January 2 Late 2024"]
[Site "https://www.chess.com"]
[Date "2024.01.02"]
[Round "3"]
[White "Romero Ruscalleda, Josep"]
[Black "Burke, Paul"]
[Result "1-0"]
[Board "234"]
[TimeControl "180+1"]
[WhiteFideId "2231859"]
[BlackFideId "2605767"]
[WhiteElo "2314"]
[BlackElo "1920"]
[WhiteTeam "ESP"]
[BlackTeam "CAN"]
[WhiteClock "0:00:06"]
[BlackClock "0:00:00"]

1. e4 e5 2. Nf3 Nc6 3. Bc4 Be7 4. d4 exd4 5. Nxd4 d6 6. Nc3 Nf6 7. h3 O-O 8. Be3 a6 9. a4 Nxd4 10. Bxd4 Be6 11. Bd3 c5 12. Be3 c4 13. Be2 b5 14. axb5 axb5 15. Nxb5 Rxa1 16. Qxa1 Nxe4 17. O-O d5 18. Qa7 Bf6 19. Bd4 Bxd4 20. Nxd4 Qf6 21. Bf3 Ng5 22. Bg4 Bxg4 23. hxg4 Ne4 24. c3 Qf4 25. Qd7 Nf6 26. Qb5 Nxg4 27. g3 Qe4 28. Ra1 Ne5 29. Qb7 Nd3 30. Qd7 Nxb2 31. Nf5 Nd3 32. Ne7+ Kh8 33. Qd6 Ne5 34. Ng6+ Nxg6 35. Ra7 Rg8 36. Qd7 Qe1+ 37. Kg2 Qe4+ 38. Kg1 Qe6 39. Qxf7 Qxf7 40. Rxf7 Rd8 41. Kf1 h6 42. Ke2 d4 43. cxd4 Rxd4 44. Rc7 Ne5 45. f4 Ng4 46. Kf3 Nf6 47. Ke3 Rd3+ 48. Kf2 Ne4+ 49. Ke2 1-0

[Event "January 2 Late 2024"]
[Site "https://www.chess.com"]
[Date "2024.01.02"]
[Round "3"]
[White "Odeh, Kenneth"]
[Black "Fernandez Siles, Luis"]
[Result "0-1"]
[Board "235"]
[TimeControl "180+1"]
[WhiteFideId "8500142"]
[BlackFideId "2209420"]
[WhiteElo "1911"]
[BlackElo "2305"]
[WhiteTeam "NGR"]
[BlackTeam "ESP"]
[WhiteClock "0:00:00"]
[BlackClock "0:02:04"]

1. e4 c5 2. Nc3 Nc6 3. g3 g6 4. Bg2 Bg7 5. Nge2 Nf6 6. O-O h5 7. h4 d6 8. d3 Bg4 9. f3 Bd7 10. Nd5 Nxd5 11. exd5 Nd4 12. Nxd4 Bxd4+ 13. Kh2 O-O 0-1

[Event "January 2 Late 2024"]
[Site "https://www.chess.com"]
[Date "2024.01.02"]
[Round "3"]
[White "Vargas, Mauricio"]
[Black "Kornyukov, Alexey"]
[Result "0-1"]
[Board "236"]
[TimeControl "180+1"]
[WhiteFideId "4404572"]
[BlackFideId "4150457"]
[WhiteElo "1838"]
[BlackElo "2303"]
[WhiteTeam "COL"]
[BlackTeam "RUS"]
[WhiteClock "0:00:43"]
[BlackClock "0:01:43"]

1. e4 c5 2. Nc3 Nc6 3. f4 e6 4. Nf3 d5 5. Bb5 dxe4 6. Bxc6+ bxc6 7. Nxe4 c4 8. O-O Nf6 9. Nxf6+ Qxf6 10. g3 Bc5+ 11. Kg2 O-O 12. Qe2 a5 13. Qxc4 Bb6 14. Qxc6 Rb8 15. c3 Bb7 16. Qc4 e5 17. fxe5 Qxe5 18. d4 Qh5 19. Bf4 Rbc8 20. Qb3 Rfe8 21. Qxb6 Re2+ 22. Kg1 Bxf3 23. Qa6 Qxh2# 0-1

[Event "January 2 Late 2024"]
[Site "https://www.chess.com"]
[Date "2024.01.02"]
[Round "3"]
[White "SkinnyPuppy8"]
[Black "Anna20240"]
[Result "1-0"]
[Board "237"]
[TimeControl "180+1"]
[WhiteElo "2300"]
[BlackElo "1733"]
[WhiteClock "0:00:50"]
[BlackClock "0:00:00"]

1. e4 c6 2. Nc3 d5 3. Nf3 dxe4 4. Nxe4 Bg4 5. h3 Bxf3 6. Qxf3 e6 7. c3 Nf6 8. d4 Nbd7 9. Ng3 c5 10. dxc5 Bxc5 11. Qxb7 O-O 12. Be2 Nd5 13. Ne4 Bb6 14. O-O Rb8 15. Qa6 h6 16. Rd1 f5 17. Nd6 Nc5 18. Qa3 Qxd6 19. c4 Rfd8 20. cxd5 exd5 21. Be3 Ne4 22. Qxd6 Rxd6 23. Bxb6 Rbxb6 24. Rab1 d4 25. Bc4+ Kh7 26. Rd3 Rb8 27. Rbd1 Rxb2 28. Rxd4 Rxd4 29. Rxd4 Nxf2 30. Rf4 Ne4 31. Rxf5 Rb1+ 32. Kh2 Nd6 33. Bd3 Nxf5 34. Bxf5+ Kg8 35. Bxb1 1-0

[Event "January 2 Late 2024"]
[Site "https://www.chess.com"]
[Date "2024.01.02"]
[Round "4"]
[White "Harsha Bharathakoti"]
[Black "Nakamura, Hikaru"]
[Result "0-1"]
[Board "1"]
[TimeControl "180+1"]
[WhiteFideId "5078776"]
[BlackFideId "2016192"]
[WhiteElo "2920"]
[BlackElo "3275"]
[WhiteTeam "IND"]
[BlackTeam "USA"]
[WhiteClock "0:00:35"]
[BlackClock "0:01:57"]

1. Nf3 g6 2. e4 c6 3. Nc3 Bg7 4. d4 d5 5. h3 dxe4 6. Nxe4 Nf6 7. Nxf6+ exf6 8. Bc4 O-O 9. O-O b5 10. Bb3 Nd7 11. a4 Nb6 12. a5 Nd5 13. c3 Be6 14. Re1 Re8 15. Bd2 a6 16. Bc2 Qd7 17. b4 Ne7 18. Re2 Bc4 19. Re1 Nd5 20. Qc1 Bf8 21. Qb2 Bd6 22. Rxe8+ Rxe8 23. Re1 Rxe1+ 24. Bxe1 Nf4 25. Qb1 Nxh3+ 0-1

[Event "January 2 Late 2024"]
[Site "https://www.chess.com"]
[Date "2024.01.02"]
[Round "4"]
[White "Nihal Sarin"]
[Black "Liascovich, Lucas"]
[Result "1-0"]
[Board "2"]
[TimeControl "180+1"]
[WhiteFideId "25092340"]
[BlackFideId "108634"]
[WhiteElo "3212"]
[BlackElo "2915"]
[WhiteTeam "IND"]
[BlackTeam "ARG"]
[WhiteClock "0:00:21"]
[BlackClock "0:00:20"]

1. d4 d5 2. c4 Nc6 3. Nc3 Nf6 4. Nf3 Bg4 5. cxd5 Nxd5 6. e4 Nxc3 7. bxc3 e6 8. Rb1 Rb8 9. Qa4 Bxf3 10. gxf3 Qd7 11. Bb5 Rc8 12. Rg1 g6 13. h4 a6 14. Bxc6 Qxc6 15. Qxc6+ bxc6 16. Ke2 Kd7 17. Bg5 Be7 18. Bxe7 Kxe7 19. Rb7 Kd7 20. Rgb1 h6 21. Kd3 g5 22. h5 Rhg8 23. Ke3 g4 24. f4 g3 25. f3 f5 26. e5 c5 27. R7b2 cxd4+ 28. cxd4 c5 29. Rb7+ Rc7 30. Rxc7+ Kxc7 31. dxc5 Kc6 32. Ke2 g2 33. Kf2 g1=Q+ 34. Rxg1 Rxg1 35. Kxg1 Kxc5 36. Kf2 Kb4 37. Ke3 Ka3 38. Kd4 Kxa2 39. Kc5 Kb3 40. Kd6 a5 41. Kxe6 a4 42. Kxf5 a3 43. e6 a2 44. e7 a1=Q 45. e8=Q Qb1+ 46. Qe4 Qh1 47. Kg6 1-0

[Event "January 2 Late 2024"]
[Site "https://www.chess.com"]
[Date "2024.01.02"]
[Round "4"]
[White "Firouzja, Alireza"]
[Black "Tang, Andrew"]
[Result "1-0"]
[Board "3"]
[TimeControl "180+1"]
[WhiteFideId "12573981"]
[BlackFideId "2059630"]
[WhiteElo "3164"]
[BlackElo "2907"]
[WhiteTeam "FRA"]
[BlackTeam "USA"]
[WhiteClock "0:00:14"]
[BlackClock "0:00:03"]

1. e4 e5 2. Nf3 Nc6 3. Bb5 g6 4. d4 exd4 5. Bg5 Be7 6. Bxe7 Qxe7 7. Bxc6 dxc6 8. Qxd4 Nf6 9. Nc3 Bg4 10. Nd2 c5 11. Qe3 O-O-O 12. h3 Bd7 13. O-O-O b6 14. e5 Nh5 15. g4 Ng7 16. Qf3 Kb8 17. Qf6 Qxf6 18. exf6 Ne6 19. Nc4 Nd4 20. Ne5 Be6 21. Rhe1 Kb7 22. Ne4 h6 23. Ng3 Rhe8 24. f4 Rd6 25. g5 hxg5 26. Ne4 gxf4 27. Nxd6+ cxd6 28. Nxf7 Rf8 29. Rxd4 cxd4 30. Rxe6 f3 31. Nxd6+ Kc6 32. Ne4+ Kd5 33. Re7 f2 34. Nxf2 Rxf6 35. Nd3 a5 36. b3 Rf1+ 37. Kb2 Rf3 38. Rg7 1-0

[Event "January 2 Late 2024"]
[Site "https://www.chess.com"]
[Date "2024.01.02"]
[Round "4"]
[White "Nepomniachtchi, Ian"]
[Black "Livaic, Leon"]
[Result "0-1"]
[Board "4"]
[TimeControl "180+1"]
[WhiteFideId "4168119"]
[BlackFideId "14531534"]
[WhiteElo "3136"]
[BlackElo "2898"]
[WhiteTeam "RUS"]
[BlackTeam "CRO"]
[WhiteClock "0:00:16"]
[BlackClock "0:00:08"]

1. e4 e6 2. d4 d5 3. Nd2 c5 4. Ngf3 cxd4 5. Nxd4 Nf6 6. exd5 Nxd5 7. Ne4 Be7 8. Qg4 O-O 9. Bh6 Bf6 10. Nxf6+ Qxf6 11. Bg5 Qe5+ 12. Be2 f5 13. Qh4 f4 14. O-O-O h6 15. Nf3 Qxe2 16. Bxh6 Qe4 17. Bxg7 Kxg7 18. Rxd5 Qxd5 19. Qg4+ Kh6 20. Qh4+ Qh5 21. Qe7 Rf7 22. Qe8 Nc6 23. h4 Kg7 24. Ng5 Rb8 25. Rd1 Bd7 26. Qxf7+ Qxf7 27. Nxf7 Kxf7 28. Rxd7+ Kf6 29. g3 fxg3 30. fxg3 Rg8 31. Rxb7 Rxg3 32. Rc7 Nd4 33. c3 Nf5 34. Rxa7 Ne3 35. Rc7 e5 36. a4 Rg4 37. a5 Rxh4 38. b4 Rh2 39. Kb1 Nd5 40. Rc6+ Ke7 41. a6 Kd7 42. Rc5 Kd6 43. a7 Rh8 44. Kb2 Ra8 45. Ra5 Nb6 46. Kb3 Nc8 47. Ra6+ Kd7 48. Ra5 Ke6 49. Rc5 Nd6 50. Rc7 Nb5 51. Rc6+ Kf5 52. Rb6 Nxa7 53. Ra6 e4 54. b5 e3 55. b6 e2 56. Ra5+ Kf4 57. Ra4+ Kf3 58. Rxa7 e1=Q 59. Rxa8 Qb1+ 60. Kc4 Qe4+ 61. Kc5 Qxa8 62. c4 Ke4 63. Kd6 Kd4 64. c5 Qd8+ 65. Kc6 Qc8+ 66. Kb5 Qxc5+ 67. Ka6 Qa3+ 68. Kb5 Qb3+ 69. Kc6 Qc4+ 70. Kb7 Kc5 71. Ka7 Qa4+ 72. Kb7 Qc6+ 73. Kb8 Qxb6+ 74. Ka8 Qb5 75. Ka7 Kc6 0-1

[Event "January 2 Late 2024"]
[Site "https://www.chess.com"]
[Date "2024.01.02"]
[Round "4"]
[White "Paravyan, David"]
[Black "Kukhmazov, Arsen"]
[Result "1-0"]
[Board "5"]
[TimeControl "180+1"]
[WhiteFideId "4194985"]
[BlackFideId "24108260"]
[WhiteElo "3111"]
[BlackElo "2872"]
[WhiteTeam "FID"]
[BlackTeam "FID"]
[WhiteClock "0:00:10"]
[BlackClock "0:00:00"]

1. e4 c6 2. d4 d5 3. e5 Bf5 4. Nd2 e6 5. Nb3 c5 6. dxc5 Bxc5 7. Nxc5 Qa5+ 8. c3 Qxc5 9. Nf3 Ne7 10. Be3 Qc7 11. Nd4 Qxe5 12. Qb3 Nbc6 13. Qxb7 Rb8 14. Nxc6 Qxe3+ 15. fxe3 Rxb7 16. Nxe7 Kxe7 17. b3 a5 18. Kd2 Rc7 19. Be2 Rhc8 20. Rhc1 Kd6 21. g3 e5 22. a3 Rb8 23. b4 d4 24. exd4 exd4 25. cxd4 Rxc1 26. Kxc1 axb4 27. axb4 Rxb4 28. Ra6+ Kd5 29. Ra5+ Ke6 30. Re5+ Kf6 31. g4 Be6 32. g5+ Kg6 33. Bd3+ Kh5 34. g6+ Kh6 35. gxh7 Rb8 36. d5 Bg4 37. Re7 f5 38. d6 Rd8 39. d7 Kxh7 40. Bb5 Bh5 41. Kd2 Kg6 42. Re8 1-0

[Event "January 2 Late 2024"]
[Site "https://www.chess.com"]
[Date "2024.01.02"]
[Round "4"]
[White "Sanal, Vahap"]
[Black "Oparin, Grigoriy"]
[Result "1-0"]
[Board "6"]
[TimeControl "180+1"]
[WhiteFideId "6300545"]
[BlackFideId "24125890"]
[WhiteElo "2871"]
[BlackElo "3055"]
[WhiteTeam "TUR"]
[BlackTeam "USA"]
[WhiteClock "0:01:16"]
[BlackClock "0:01:12"]

1. e4 e5 2. Nf3 Nc6 3. Bb5 a6 4. Ba4 Nge7 5. O-O Ng6 6. c3 d5 7. exd5 Qxd5 8. d4 Bg4 9. Bb3 Qd7 10. dxe5 O-O-O 11. Qxd7+ Rxd7 12. e6 Bxe6 13. Bxe6 fxe6 14. Be3 Nge5 15. Nbd2 Nd3 16. Rab1 Bc5 17. Bxc5 Nxc5 18. Rfe1 Rhd8 19. Re2 h6 20. h4 a5 21. Nb3 Nxb3 22. axb3 Rd1+ 23. Rxd1 Rxd1+ 24. Kh2 Kd7 25. Re4 Rb1 26. Rg4 Rxb2 27. Rxg7+ Kd6 28. g4 Rxb3 29. g5 hxg5 30. h5 a4 31. h6 a3 32. h7 a2 33. h8=Q a1=Q 34. Qf8+ Kd5 35. Rxg5+ Kc4 36. Qc5+ Kd3 37. Qe3+ Kc2 38. Qd2+ Kb1 39. Rg1# 1-0

[Event "January 2 Late 2024"]
[Site "https://www.chess.com"]
[Date "2024.01.02"]
[Round "4"]
[White "Szpar, Milosz"]
[Black "Pranav, V"]
[Result "0-1"]
[Board "7"]
[TimeControl "180+1"]
[WhiteFideId "1184989"]
[BlackFideId "25060783"]
[WhiteElo "2869"]
[BlackElo "3042"]
[WhiteTeam "POL"]
[BlackTeam "IND"]
[WhiteClock "0:00:17"]
[BlackClock "0:00:20"]

1. e4 e5 2. Nf3 Nc6 3. Nc3 Nf6 4. Bb5 Bb4 5. O-O O-O 6. d3 d6 7. Bxc6 bxc6 8. Ne2 h6 9. h3 Re8 10. Ng3 d5 11. Bd2 Bd6 12. a4 Be6 13. b3 Nd7 14. Nh2 Nc5 15. Qf3 Bc8 16. Ng4 Ne6 17. Nf5 Ng5 18. Bxg5 hxg5 19. Nfe3 Be6 20. exd5 cxd5 21. Nxd5 f5 22. Nge3 Rf8 23. Nc3 Qf6 24. Qe2 a6 25. a5 e4 26. Ncd5 Bxd5 27. Nxd5 Qe5 28. g3 Qxd5 29. dxe4 Qxe4 30. Qh5 Qxc2 31. Qxg5 Qxb3 32. h4 Qf7 33. Rad1 Rae8 34. Rd3 Qf6 35. Qd2 f4 36. Rf3 Qe6 37. Qd3 fxg3 38. fxg3 Rxf3 39. Rxf3 Qe1+ 40. Kg2 Qe2+ 0-1

[Event "January 2 Late 2024"]
[Site "https://www.chess.com"]
[Date "2024.01.02"]
[Round "4"]
[White "Melkumyan, Hrant"]
[Black "Radjabov, Teimour"]
[Result "1-0"]
[Board "8"]
[TimeControl "180+1"]
[WhiteFideId "13302485"]
[BlackFideId "13400924"]
[WhiteElo "2863"]
[BlackElo "3037"]
[WhiteTeam "ARM"]
[BlackTeam "AZE"]
[WhiteClock "0:00:03"]
[BlackClock "0:00:00"]

1. Nf3 Nf6 2. c4 e6 3. Nc3 d5 4. e3 c5 5. cxd5 exd5 6. Bb5+ Nc6 7. d4 cxd4 8. Nxd4 Bd7 9. O-O Bd6 10. Nf3 Be6 11. b3 O-O 12. Bb2 Bg4 13. Be2 a6 14. h3 Be6 15. Bd3 Bc7 16. Ne2 Ne4 17. Nf4 Re8 18. Rc1 Rc8 19. Bb1 Bb8 20. Nd4 Nf6 21. Nxc6 bxc6 22. Qd3 Ne4 23. Qxa6 Bd7 24. Qd3 Bf5 25. Qa6 Bd7 26. Rfd1 Qg5 27. Bxe4 Rxe4 28. Rxd5 Qe7 29. Rd4 Bxf4 30. Rxe4 Qxe4 31. exf4 Qxf4 32. Rd1 Re8 33. Qd3 Bf5 34. Qg3 Qxg3 35. fxg3 f6 36. Rd2 Ra8 37. Bd4 Be6 38. Kf2 Bd5 39. g4 Kf7 40. Be3 h6 41. Rb2 Ke6 42. a4 g5 43. Bb6 f5 44. gxf5+ Kxf5 45. a5 Ke4 46. b4 Kd3 47. Bc5 h5 48. Kg3 Be6 49. Rf2 Ke4 50. Re2+ Kd5 51. Rd2+ Ke4 52. Rd6 Bd5 53. Rg6 Kf5 54. Rg7 h4+ 55. Kf2 Kf6 56. Rd7 Ke6 57. Rd6+ Ke5 58. Rh6 Kf5 59. g3 hxg3+ 60. Kxg3 Be4 61. Rh7 Bd5 62. Re7 Kf6 63. Re2 Kf5 64. Re1 Kf6 65. Ra1 Ra6 66. Bb6 Bc4 67. Rc1 Bd5 68. Rc5 Ke6 69. Rc1 Kf6 70. Be3 Ra8 71. Rf1+ Kg6 72. Bc5 Ra6 73. Rf8 Bc4 74. Rd8 Be6 75. Rd6 Kf5 76. Rd8 Bc4 77. Rb8 Be6 78. Bb6 Bd5 79. Kf2 Kg6 80. Ke3 Be6 81. Rh8 Bd5 82. Kd4 Be6 83. Kc5 Kg7 84. Rd8 Bxh3 85. Kxc6 Bg2+ 86. Kc5 Bf1 87. b5 1-0

[Event "January 2 Late 2024"]
[Site "https://www.chess.com"]
[Date "2024.01.02"]
[Round "4"]
[White "Mekhitarian, Krikor Sevag"]
[Black "Caruana, Fabiano"]
[Result "0-1"]
[Board "9"]
[TimeControl "180+1"]
[WhiteFideId "2107660"]
[BlackFideId "2020009"]
[WhiteElo "2847"]
[BlackElo "3034"]
[WhiteTeam "BRA"]
[BlackTeam "USA"]
[WhiteClock "0:00:16"]
[BlackClock "0:01:18"]

1. Nf3 Nf6 2. c4 e6 3. Nc3 d5 4. cxd5 exd5 5. d4 c6 6. Bf4 Bd6 7. Bxd6 Qxd6 8. e3 Bf5 9. Nh4 Bg6 10. Qb3 Qe7 11. Nxg6 hxg6 12. g3 O-O 13. Bd3 a5 14. Kf1 b5 15. Rc1 Nbd7 16. Ne2 Rfc8 17. Kg2 Nb6 18. Qc2 a4 19. b3 Nbd7 20. h4 axb3 21. axb3 b4 22. Qb2 Ne4 23. Nf4 Ndf6 24. Ra1 Ra3 25. Rhc1 Rca8 26. Rxa3 bxa3 27. Qc2 c5 28. Nxd5 Nxd5 29. Bxe4 Nb4 30. Bxa8 Nxc2 31. Rxc2 Qa7 0-1

[Event "January 2 Late 2024"]
[Site "https://www.chess.com"]
[Date "2024.01.02"]
[Round "4"]
[White "Keymer, Vincent"]
[Black "Kadric, Denis"]
[Result "1/2-1/2"]
[Board "10"]
[TimeControl "180+1"]
[WhiteFideId "12940690"]
[BlackFideId "14403803"]
[WhiteElo "3034"]
[BlackElo "2831"]
[WhiteTeam "GER"]
[BlackTeam "MNE"]
[WhiteClock "0:00:06"]
[BlackClock "0:00:09"]

1. a3 g6 2. d4 d6 3. Nf3 Bg7 4. b4 c5 5. e3 Bg4 6. c3 Nf6 7. Be2 O-O 8. O-O Nbd7 9. Bb2 Rc8 10. Nbd2 cxd4 11. cxd4 Nb6 12. a4 Nbd5 13. Qb3 a5 14. bxa5 Qxa5 15. Rfc1 Rxc1+ 16. Rxc1 Bd7 17. Ra1 Rc8 18. Nc4 Qb4 19. Qxb4 Nxb4 20. a5 Be6 21. Nfd2 d5 22. Na3 Nc2 23. Rc1 Nxa3 24. Rxc8+ Bxc8 25. Bxa3 e6 26. Be7 Ne8 27. Nb3 Bf8 28. Bc5 Bd7 29. f3 Ba4 30. Bxf8 Kxf8 31. Nc5 Bc6 32. Kf2 Ke7 33. g4 g5 34. Kg3 h6 35. h4 Nf6 36. h5 Nd7 37. Nd3 Bb5 38. Kf2 Bxd3 39. Bxd3 Nb8 40. Bb5 Kd6 41. f4 f6 42. Kf3 Nc6 43. a6 bxa6 44. Bxa6 e5 45. dxe5+ fxe5 46. fxg5 hxg5 47. Bb5 e4+ 48. Kg3 Ne5 49. Be8 Ke7 50. Ba4 Nc4 51. Kf2 Ne5 52. Bd1 Kf6 53. Kg3 Nc4 54. Kf2 Ne5 55. Be2 Ke6 56. Kg3 Kf6 57. Bb5 Ke6 58. Ba6 Kd6 59. Bc8 Nc4 60. Kf2 Ne5 61. h6 Ke7 62. h7 Nf7 63. Bb7 Kd6 64. Ke2 Ke5 65. Kd2 d4 66. exd4+ Kxd4 67. Ke2 Nh8 68. Bc8 Ke5 69. Ke3 Nf7 70. Bb7 Kf6 71. Bxe4 Kg7 72. Kd4 Nh6 73. Bf5 Nxg4 74. Bxg4 Kxh7 75. Ke5 Kg8 76. Kf6 Kf8 77. Kxg5 1/2-1/2

[Event "January 2 Late 2024"]
[Site "https://www.chess.com"]
[Date "2024.01.02"]
[Round "4"]
[White "Klukin, Kirill"]
[Black "Bluebaum, Matthias"]
[Result "1/2-1/2"]
[Board "11"]
[TimeControl "180+1"]
[WhiteFideId "24199273"]
[BlackFideId "24651516"]
[WhiteElo "2829"]
[BlackElo "3027"]
[WhiteTeam "RUS"]
[BlackTeam "GER"]
[WhiteClock "0:00:25"]
[BlackClock "0:00:48"]

1. d4 d5 2. c4 e6 3. cxd5 exd5 4. Nc3 Bb4 5. Nf3 Nf6 6. Bg5 h6 7. Bxf6 Qxf6 8. e3 c5 9. Rc1 c4 10. Be2 O-O 11. O-O Bxc3 12. bxc3 Bf5 13. Nd2 Nc6 14. Bf3 Rfd8 15. e4 dxe4 16. Nxe4 Bxe4 17. Bxe4 b5 18. a4 a6 19. Rb1 Rab8 20. axb5 axb5 21. Bxc6 Qxc6 22. Rb4 Re8 23. Qh5 Re4 24. h3 Qe8 25. Rfb1 Re1+ 26. Kh2 Rxb1 27. Rxb1 Qe4 28. Rxb5 Qf4+ 29. Kg1 Qc1+ 30. Kh2 Rxb5 31. Qxb5 Qxc3 32. Qe8+ Kh7 33. Qe4+ g6 34. Qd5 Kg8 35. Qc5 Qd3 36. d5 c3 37. d6 c2 38. d7 Qxd7 39. Qxc2 Qd6+ 40. g3 h5 41. h4 Qe5 42. Qd2 Qe4 43. Kg1 Qb1+ 44. Kg2 Qb7+ 45. Kg1 Qc7 46. Qe3 Qd7 47. Qe5 Qd1+ 48. Kg2 Qd8 49. Qe3 Qa8+ 50. Kg1 Qd5 51. Qe8+ Kg7 52. Qe2 Qd4 53. Qf3 Qf6 54. Qe2 Qd6 55. Qb2+ Qf6 56. Qe2 Qc3 57. Kg2 Kf6 58. Qa6+ Kg7 59. Qe2 Qc6+ 60. Kg1 Qc1+ 61. Kg2 Qc6+ 62. Kg1 Qc1+ 63. Kg2 Qc6+ 1/2-1/2

[Event "January 2 Late 2024"]
[Site "https://www.chess.com"]
[Date "2024.01.02"]
[Round "4"]
[White "Lysyj, Igor"]
[Black "Hakobyan, Aram"]
[Result "0-1"]
[Board "12"]
[TimeControl "180+1"]
[WhiteFideId "4150120"]
[BlackFideId "13306677"]
[WhiteElo "2827"]
[BlackElo "3026"]
[WhiteTeam "FID"]
[BlackTeam "ARM"]
[WhiteClock "0:00:36"]
[BlackClock "0:00:36"]

1. d4 Nf6 2. c4 c5 3. d5 g6 4. Nc3 Bg7 5. e4 d6 6. Nf3 O-O 7. h3 e6 8. Be2 exd5 9. exd5 Bf5 10. Nh4 Ne4 11. Nxf5 Nxc3 12. bxc3 Bxc3+ 13. Bd2 Bxd2+ 14. Qxd2 gxf5 15. O-O Nd7 16. f4 Qf6 17. Bd3 Rfe8 18. Kh2 Nf8 19. Qc2 Re3 20. Bxf5 Rae8 21. Bd3 Qh4 22. Rad1 Ng6 23. Bxg6 Qg3+ 24. Kh1 Re2 25. Bxh7+ Kg7 26. Rg1 Rxc2 27. Bxc2 Re2 28. Bb1 Qxf4 29. Rd3 Qe5 30. Rf3 Re1 0-1

[Event "January 2 Late 2024"]
[Site "https://www.chess.com"]
[Date "2024.01.02"]
[Round "4"]
[White "Bortnyk, Olexandr"]
[Black "Lashkin, Jegor"]
[Result "1-0"]
[Board "13"]
[TimeControl "180+1"]
[WhiteFideId "14120828"]
[BlackFideId "13907808"]
[WhiteElo "3016"]
[BlackElo "2824"]
[WhiteTeam "UKR"]
[BlackTeam "MDA"]
[WhiteClock "0:00:07"]
[BlackClock "0:00:00"]

1. e4 c5 2. c3 Nf6 3. e5 Nd5 4. d4 cxd4 5. Nf3 Nc6 6. cxd4 d6 7. Bc4 Nb6 8. Bb5 dxe5 9. Nxe5 Bd7 10. Nxd7 Qxd7 11. Nc3 e6 12. O-O a6 13. Bxc6 Qxc6 14. Qg4 h5 15. Qh3 Nd5 16. Bg5 f6 17. Rfe1 Kf7 18. Bd2 Bb4 19. Rac1 Bxc3 20. bxc3 b5 21. a4 Nb6 22. axb5 axb5 23. Ra1 Qd5 24. Qg3 Rhc8 25. h4 Nc4 26. Rxa8 Qxa8 27. Bf4 Qd5 28. Qd3 Nb2 29. Qh7 Qf5 30. Qxf5 exf5 31. Rb1 Na4 32. Rxb5 Nxc3 33. Rb7+ Kg6 34. Kf1 Nd5 35. Bd6 Rc1+ 36. Ke2 Rc2+ 37. Ke1 Rc8 38. g3 Rd8 39. Bc5 Nc3 40. f3 Nd5 41. Kf2 Ra8 42. Rd7 Ra2+ 43. Ke1 Ne3 44. d5 Nc4 45. f4 Ra1+ 46. Ke2 Ra2+ 47. Kd3 Nb2+ 48. Ke3 1-0

[Event "January 2 Late 2024"]
[Site "https://www.chess.com"]
[Date "2024.01.02"]
[Round "4"]
[White "Czarnota, Pawel"]
[Black "Sarana, Alexey"]
[Result "0-1"]
[Board "14"]
[TimeControl "180+1"]
[WhiteFideId "1121219"]
[BlackFideId "24133795"]
[WhiteElo "2821"]
[BlackElo "3013"]
[WhiteTeam "POL"]
[BlackTeam "SRB"]
[WhiteClock "0:00:00"]
[BlackClock "0:00:22"]

1. e4 c5 2. Nf3 d6 3. d4 cxd4 4. Nxd4 Nf6 5. Nc3 a6 6. h4 e5 7. Nb3 Be7 8. Bg5 Nbd7 9. a4 Qc7 10. a5 h6 11. Be3 Nf8 12. f3 Be6 13. Nd5 Nxd5 14. exd5 Bf5 15. c4 Nd7 16. Bd3 Bxd3 17. Qxd3 O-O 18. g4 e4 19. Qxe4 Rae8 20. g5 Bxg5 21. hxg5 Rxe4 22. fxe4 Qxc4 23. Nd2 Qd3 24. Ra3 Qb5 25. Rb3 Qxa5 26. Ke2 hxg5 27. Rxb7 Ne5 28. Bxg5 Qc5 29. Rb3 f6 30. Be3 Qc8 31. Rg1 Qh3 32. Rb7 Qh5+ 33. Kf2 Nd3+ 34. Kg3 f5 35. Bd4 Qg4+ 36. Kh2 Qf4+ 37. Kh3 Qh6+ 38. Kg3 Qg5+ 39. Kh2 Qxd2+ 40. Rg2 Qh6+ 41. Kg1 Qc1+ 42. Kh2 Rf7 43. Bxg7 Qf4+ 44. Kg1 Qc1+ 45. Kh2 Rxb7 46. Bh6+ Kf7 47. Bxc1 Nxc1 48. exf5 Nd3 49. Rg3 Rxb2+ 50. Kg1 Ne5 51. Ra3 Rb6 52. Rh3 Kf6 53. Rh5 a5 54. Kf2 a4 55. Rh8 Ra6 56. Ke3 a3 57. Rf8+ Kg5 58. Rg8+ Kxf5 59. Rg1 a2 60. Rf1+ Kg5 61. Ra1 Ra4 62. Rg1+ Ng4+ 63. Kf3 a1=Q 0-1